 Dungeon Crawl Stone Soup version 0.31-a0-1547-g618ab1f346 (webtiles) character file.

Game seed: 683077638764420233

2 Jannitor the Sneak (level 1, -9/20 HPs)
             Began as a Hill Orc Delver on Jan 2, 2024.
             Killed from afar by a white imp (12 damage)
             ... with a puff of frost
             ... on level 5 of the Dungeon.
             The game lasted 00:01:11 (146 turns).

Jannitor the Sneak (Hill Orc Delver)                 Turns: 146, Time: 00:01:11

Health: -9/20      AC:  3    Str: 14    XL:     1   Next: 30%
Magic:  1/1        EV: 11    Int: 10    God:
Gold:   13         SH:  0    Dex: 12    Spells: 0/0 levels left

rFire   . . .        a - +0 hand axe
rCold   . . .        (no shield)
rNeg    . . .        b - +0 leather armour
rPois   +            (no helmet)
rElec   .            (no cloak)
rCorr   .            (no gloves)
SInv    .            (no boots)
Will    .....        (no amulet)
Stlth   ++           (no ring)
HPRegen 0.23/turn    (no ring)
MPRegen 0.07/turn

%: no passive effects
@: hasted, very quick
A: deterioration 1, poison resistance, MP-powered wands
a: no special abilities


You were on level 5 of the Dungeon.
You visited 1 branch of the dungeon, and saw 2 of its levels.

You collected 13 gold pieces.

Inventory:

Hand Weapons
 a - a +0 hand axe (weapon)
Armour
 b - a +0 leather armour (worn)
Wands
 g - a wand of digging (2)
Scrolls
 c - a scroll of fog
Potions
 h - a potion of mutation


   Skills:
 + Level 3.6 Fighting
 + Level 2.7 Axes
 + Level 1.6 Dodging
 + Level 4.1 Stealth


You couldn't memorise any spells.
You didn't know any spells.
Your spell library was empty.

Dungeon Overview and Level Annotations

Branches:
Dungeon (6/15)             Temple (0/1) D:5

Altars:
Xom

Annotations:
D:5 exclusions: 2 orcs, orc wizard and scorpion


Innate Abilities, Weirdness & Mutations

Your body sometimes deteriorates upon taking damage.
Your system is resistant to poisons. (rPois)
You expend magic power (3 MP) to strengthen your wands.


Message History

The adder bites the orc.
Unknown command.
The adder is engulfed in noxious fumes.
The adder appears confused.
The adder falls into the lava!
The adder is incinerated.
Unknown command.
The scorpion is engulfed in noxious fumes.
The scorpion appears confused.
The scorpion stings the ogre.
The orc misses the water moccasin.
Unknown command.
The scorpion is engulfed in noxious fumes.
The scorpion stings the dart slug.
The ogre is engulfed in noxious fumes.
The ogre appears confused.
The ogre hits the jelly with a +0 giant club!!
The jelly dies!
The ogre hits itself with a +0 giant club.
The scorpion stings the dart slug.
The dart slug is engulfed in noxious fumes.
The dart slug appears confused.
The dart slug bites the scorpion but does no damage.
The dart slug bites itself.
The dart slug dies!
Unknown command.
The scorpion barely misses the ogre.
It was a potion of mutation.
You feel extremely strange.
You feel resistant to poisons.
You feel yourself wasting away.
You feel your magical essence link to the dungeon's wands.
The orc is engulfed in noxious fumes.
The orc appears confused.
The orc barely misses the water moccasin.
As you read the scroll labelled OMOGIF OHUYMM, it crumbles to dust.
You hear a loud clanging noise!
It was a scroll of noise.
You hear a shout! x3; You hear a howl!
You hear a shout!
The scorpion stings the bombardier beetle.
The bombardier beetle is poisoned.
The scorpion poisons the bombardier beetle!
The white imp gestures at you. The puff of frost hits you!
Ouch! That really hurt!
You die...

##≈≈.≈§##*,*.#,*,*,*,*,*
#≈≈...§≈##+#.,,,,,,*,*,*
#≈~..B.§§...,*,*****,*,,
#≈~.sOJ≈...,,*,,,,,,,*,*
#≈..o~o≈..,,,***********
#≈≈o~S≈≈.,,,,,,,,,,,,,,,
*#≈≈≈≈≈.##+##########***
****##5##.##########*,,
##@##.##########*,*
###.#..g.#######*,*
###.####..######*,#
###.#####g..#####.#
####.######.##..o..
###..g...##.##?##o.
###......##'##(#*,.
###..........#.#*,.
###..........#.#**#


You could see a water moccasin, an ogre (confused), a scorpion (confused), a
bombardier beetle (very poisoned), a jelly, a white imp and 2 orcs.

Vanquished Creatures
  An orc (D:6)
1 creature vanquished.

Vanquished Creatures (others)
  A jelly (D:5)
  An adder (D:5)
  A dart slug (D:5)
3 creatures vanquished.

Grand Total: 4 creatures vanquished

Notes
Turn   | Place    | Note
-------+----------+-------------------------------------------
     0 | D:5      | Jannitor the Hill Orc Delver began the quest for the Orb.
     0 | D:5      | Reached XP level 1. HP: 19/19 MP: 1/1
    23 | D:5      | Noticed a sleepcap
    32 | D:6      | Noticed a water moccasin
    48 | D:5      | Found a staircase to the Ecumenical Temple.
    52 | D:5      | Noticed a scorpion
    91 | D:5      | Noticed an orc wizard
   131 | D:5      | Noticed a water moccasin
   134 | D:5      | HP: 1/20 [gnoll/+0 club (4)]
   136 | D:5      | Found a shimmering altar of Xom.
   136 | D:5      | Noticed an ogre
   137 | D:5      | Noticed a jelly
   137 | D:5      | Noticed a jelly
   137 | D:5      | Noticed a scorpion
   138 | D:5      | Noticed a bombardier beetle
   142 | D:5      | Killed a jelly
   145 | D:5      | Gained mutation: Your system is resistant to poisons.
                  | (rPois) [potion of mutation]
   145 | D:5      | Gained mutation: Your body sometimes deteriorates upon
                  | taking damage. [potion of mutation]
   145 | D:5      | Gained mutation: You expend magic power (3 MP) to
                  | strengthen your wands. [potion of mutation]
   146 | D:5      | Killed from afar by a white imp

Illustrated notes

Levels and vault maps discovered:
D:5:      layout_basic, mainiacjoe_overflow_small_starburst,
          xom_confusion_cloud, minmay_temple_entry_offerings
D:6:      lemuel_insect_pit, layout_basic

Action                     || total
---------------------------++-------
  Melee: Hand axe          ||     4
  Evoke: Wand              ||     1
    Use: Scroll            ||     3
         Potion            ||     2
   Stab: Sleeping          ||     1
 Armour: Leather armour    ||     6

Table legend: (Time is in decaauts)
 A = Elapsed time spent in this place.
 B = Non-inter-level travel time spent in this place.
 C = Inter-level travel time spent in this place.
 D = Time resting spent in this place.
 E = Time spent auto-exploring this place.
 F = Levels seen in this place.
 G = Mean time per level.
                   A        B        C        D        E       F      G
               +--------+--------+--------+--------+--------+-----+--------+
         Total |    142 |    142 |      0 |      3 |     71 |   2 |   71.0 |
       Dungeon |    142 |    142 |      0 |      3 |     71 |   2 |   71.0 |
               +--------+--------+--------+--------+--------+-----+--------+

Top non-repeatable levels by time:
     D:5: 134 daAuts
     D:6: 8 daAuts
